Map: Blackburn LE

Players

Raza - Winner!

  • Race: Terran Terran

Probe

  • Race: Protoss Protoss

Event: DreamHack SC2 Masters 2021 Winter

VOD

Have the link to the VOD?

Description

Time

  • Played on: Sept. 29, 2021, 6:40 a.m.
  • Length: 7:30

All games in this series

Show
View Real Time Build Order
Export as new Build Order

Raza Terran - Winner!

Build Orders:  

Get SALT Encoding   

  12  0:00  SCV  
  13  0:12  SCV  
  14  0:17  Supply Depot  
  14  0:24  SCV  
  15  0:39  SCV  
  15  0:40  Barracks  
  16  0:44  Refinery  
  16  0:51  SCV  
  17  1:03  SCV  
  18  1:10  Engineering Bay  
  18  1:15  SCV  
  19  1:30  Orbital Command, Marine  
  20  1:49  Barracks Reactor  
  20  1:57  Command Center  
  20  2:01  SCV  
  21  2:08  Supply Depot  
  21  2:13  SCV  
  22  2:20  Barracks  
  22  2:27  Marine  
  22  2:29  SCV, Marine  
  25  2:32  Barracks  
  25  2:38  Bunker  
  25  2:41  SCV  
  26  2:45  Marine  
  26  2:47  Marine  
  28  2:53  SCV  
  29  3:04  Marine  
  29  3:05  Marine  
  31  3:09  SCV  
  31  3:11  Orbital Command  
  31  3:12  Barracks Tech Lab  
  32  3:19  Barracks Tech Lab  
  32  3:21  SCV  
  32  3:22  Marine x2  
  35  3:27  Supply Depot  
  35  3:30  Stimpack, Marine  
  37  3:34  SCV  
  37  3:38  SCV  
  37  3:39  Marine  
  37  3:40  Combat Shield  
  39  3:44  Marine  
  39  3:46  SCV  
  39  3:47  Marine  
  42  3:50  SCV  
  42  3:52  Marauder  
  45  3:57  Marauder  
  45  3:59  Supply Depot  
  45  4:01  SCV  
  48  4:04  Marine x2  
  48  4:06  SCV  
  51  4:12  Supply Depot  
  51  4:13  SCV  
  51  4:17  Marauder  
  54  4:21  Marauder  
  54  4:23  Engineering Bay  
  56  4:25  SCV x2  
  56  4:27  Marine  
  56  4:28  Marine  
  60  4:36  Refinery  
  60  4:37  SCV  
  60  4:38  SCV  
  62  4:39  Refinery  
  62  4:43  Marine x2  
  62  4:45  Marine  
  65  4:46  Marine  
  65  4:50  SCV  
  67  4:53  SCV, Factory  
  67  4:56  Supply Depot  
  68  5:00  Refinery  
  68  5:02  SCV, Marine  
  70  5:12  Terran Infantry Weapons Level 1  
  70  5:15  Supply Depot  
  70  5:17  SCV x2  
  70  5:18  Marine x2  
  70  5:19  Marine  
  75  5:25  Missile Turret x2  
  73  5:30  SCV  
  73  5:33  Marine  
  70  5:35  Marine  
  70  5:38  Marine x2  
  62  5:51  Marine  
  62  5:53  Marine  
  62  5:55  Marine  
  62  5:56  Marine  
  64  6:09  Marine  
  65  6:11  Marine  
  65  6:13  Marine, Starport  
  68  6:24  Missile Turret  
  68  6:27  Marine  
  68  6:29  SCV, Marine  
  71  6:34  Factory Reactor  
  71  6:35  Marine  
  71  6:40  Marine  
  71  6:44  Marine  
  71  6:45  SCV, Supply Depot  
  74  6:52  SCV  
  74  6:53  Medivac  
  75  6:58  SCV  
Show
View Real Time Build Order
Export as new Build Order

Probe Protoss 

Build Orders: Dark Templar Rush 

Get SALT Encoding   

  12  0:00  Probe  
  13  0:12  Probe  
  14  0:18  Pylon  
  14  0:25  Probe (Chrono Boost)  
  15  0:37  Probe (Chrono Boost)  
  15  0:38  Gateway  
  16  0:44  Probe (Chrono Boost)  
  17  0:50  Assimilator  
  17  0:51  Probe  
  18  1:03  Probe  
  19  1:15  Probe  
  20  1:25  Pylon  
  20  1:26  Assimilator  
  20  1:27  Zealot  
  20  1:31  Probe, Cybernetics Core  
  23  1:43  Probe  
  24  1:55  Probe  
  25  2:04  Stalker (Chrono Boost)  
  25  2:07  Probe, Warp Gate  
  28  2:14  Pylon  
  28  2:25  Probe  
  28  2:27  Stalker  
  31  2:35  Nexus  
  31  2:47  Twilight Council  
  31  2:53  Probe  
  31  2:58  Robotics Facility  
  32  3:05  Probe  
  33  3:18  Probe  
  34  3:29  Dark Shrine  
  34  3:31  Probe  
  35  3:44  Probe (Chrono Boost)  
  35  3:45  Nexus  
  36  3:50  Observer (Chrono Boost), Probe (Chrono Boost)  
  38  3:56  Probe (Chrono Boost)  
  38  4:02  Probe (Chrono Boost)  
  40  4:04  Gateway  
  40  4:05  Observer (Chrono Boost), Probe (Chrono Boost)  
  40  4:07  Probe (Chrono Boost)  
  43  4:13  Probe (Chrono Boost)  
  44  4:23  Probe (Chrono Boost)  
  45  4:25  Probe (Chrono Boost)  
  45  4:26  Shield Battery  
  47  4:32  Probe (Chrono Boost)  
  47  4:33  Pylon, Probe (Chrono Boost)  
  47  4:35  Assimilator  
  48  4:40  Forge, Probe  
  48  4:42  Dark Templar  
  48  4:43  Probe  
  52  4:51  Immortal (Chrono Boost)  
  52  4:52  Probe  
  53  4:58  Pylon  
  57  5:03  Dark Templar  
  57  5:05  Probe  
  57  5:06  Probe  
  61  5:13  Gateway  
  61  5:15  Probe  
  61  5:17  Dark Templar  
  61  5:18  Probe  
  61  5:20  Probe  
  66  5:27  Probe  
  63  5:30  Probe  
  63  5:32  Probe  
  59  5:36  Dark Templar  
  59  5:39  Probe  
  59  5:42  Probe  
  58  5:44  Probe  
  50  5:51  Probe  
  50  5:54  Probe  
  50  5:56  Probe  
  43  6:06  Probe x2  
  36  6:14  Stalker  
  36  6:16  Probe (Chrono Boost)  
  39  6:19  Probe (Chrono Boost)  
  41  6:29  Probe (Chrono Boost)  
  42  6:45  Dark Templar, Probe  
  42  6:47  Probe  
  45  6:48  Probe  

Tags
 
Add a new tag
Caveats
  • Supply blocks, unpowered buildings, or Contaminate may cause inaccurate times.
  • Supply counts are checked every 10 seconds.